SA
KENNESAW JETS @ WALLA WALLA WALLEYE
09/01/2028
 
TOP OF THE 1ST
Kennesaw Jets batting - Pitching for Walla Walla Walleye : LHP Miguel López
Pitching: LHP Miguel López
Batting: RHB José Luna 0-0: Called Strike
0-1: Foul Ball, location: 2F
0-2: SINGLE (Groundball, 4MD)
Batting: LHB Manuel Márquez 0-0: Called Strike
0-1: Ground out U3 (Groundball, 34)
José Luna to second
Batting: RHB José Leyva 0-0: Foul Ball, location: 2F
0-1: Ball
José Luna steals 3rd base
1-1: Foul Ball, location: 2F
1-2: Ball
2-2: Foul Ball, location: 2F
2-2: Ball
3-2: Foul Ball, location: 2F
3-2: Fly out, F7 (Flyball, 78M)
Runner from 3rd tags up, SCORES, no throw
Batting: RHB Omar Durán 0-0: Called Strike
0-1: Ball
1-1: SINGLE (Groundball, 56S) (infield hit)
Batting: RHB Diego Romero 0-0: Called Strike
0-1: Called Strike
0-2: Foul Ball, location: 2F
0-2: Strikes out looking
Top of the 1st over - 1 run(s), 2 hit(s), 0 error(s), 1 left on base; Kennesaw 1 - Walla Walla 0
BOTTOM OF THE 1ST
Walla Walla Walleye batting - Pitching for Kennesaw Jets : LHP Khemera Seng
Pitching: LHP Khemera Seng
Batting: LHB Bennett Whitford 0-0: Bunt for hit - play at first, batter OUT! 1-3
Batting: RHB Ramón Yniguez 0-0: DOUBLE (Flyball, 78M)
Batting: RHB Luis Delvalle 0-0: Ball
1-0: Swinging Strike
1-1: Ground out 5-3 (Groundball, 56)
Batting: RHB Dhyana Snigdha 0-0: Ball
1-0: DOUBLE (Line Drive, 89S)
Ramón Yniguez scores
Batting: RHB Armaan Ebrahim 0-0: Ball
1-0: Ball
2-0: Foul Ball, location: 2F
2-1: Ground out 5-3 (Groundball, 56)
Bottom of the 1st over - 1 run(s), 2 hit(s), 0 error(s), 1 left on base; Kennesaw 1 - Walla Walla 1
TOP OF THE 2ND
Kennesaw Jets batting - Pitching for Walla Walla Walleye : LHP Miguel López
Batting: RHB Vic Richards 0-0: Foul Ball, location: 2F
0-1: Ball
1-1: Foul Ball, location: 2F
1-2: Foul Ball, location: 2F
1-2: Foul Ball, location: 2F
1-2: Foul Ball, location: 2F
1-2: Fly out, F8 (Flyball, 8RS)
Batting: SHB Pat Sargent 0-0: Ground out 4-3 (Groundball, 4M)
Batting: RHB Gerardo Maldonado 0-0: Called Strike
0-1: Ball
1-1: Ground out 6-3 (Groundball, 6)
Top of the 2nd over - 0 run(s), 0 hit(s), 0 error(s), 0 left on base; Kennesaw 1 - Walla Walla 1
BOTTOM OF THE 2ND
Walla Walla Walleye batting - Pitching for Kennesaw Jets : LHP Khemera Seng
Batting: RHB Leonardo Medina 0-0: Ball
1-0: Called Strike
1-1: Ball
2-1: Foul Ball, location: 2F
2-2: Ball
3-2: Base on Balls
Batting: RHB Tabor Muzquiz 0-0: Ball
1-0: Called Strike
1-1: Hit by Pitch
Leonardo Medina to second
Batting: RHB Cody Jaeckel 0-0: Fly out, F8 (Flyball, 89M)
Batting: RHB Rex Criscuolo 0-0: Swinging Strike
0-1: Ball
1-1: Grounds into double play, 4-6-3 (Groundball, 4)
Bottom of the 2nd over - 0 run(s), 0 hit(s), 0 error(s), 1 left on base; Kennesaw 1 - Walla Walla 1
TOP OF THE 3RD
Kennesaw Jets batting - Pitching for Walla Walla Walleye : LHP Miguel López
Batting: RHB Juan Moreno 0-0: Ball
1-0: Called Strike
1-1: DOUBLE (Line Drive, 89M)
Batting: RHB José Luna 0-0: Called Strike
0-1: Foul Ball, location: 2F
0-2: Strikes out swinging
Batting: LHB Manuel Márquez 0-0: Ball
1-0: Called Strike
1-1: Ball
2-1: Ball
3-1: DOUBLE (Flyball, 78M)
Juan Moreno scores
Batting: RHB José Leyva 0-0: Swinging Strike
0-1: Swinging Strike
0-2: Ball
1-2: Strikes out swinging
Batting: RHB Omar Durán 0-0: Ball
1-0: Called Strike
1-1: Foul Ball, location: 2F
1-2: Ball
2-2: Fly out, F9 (Flyball, 9S)
Top of the 3rd over - 1 run(s), 2 hit(s), 0 error(s), 1 left on base; Kennesaw 2 - Walla Walla 1
BOTTOM OF THE 3RD
Walla Walla Walleye batting - Pitching for Kennesaw Jets : LHP Khemera Seng
Batting: LHB Bennett Whitford 0-0: Called Strike
0-1: Bunted foul
0-2: Ball
1-2: Ball
2-2: Foul Ball, location: 2F
2-2: Fly out, F5 (Popup, 5S)
Batting: RHB Ramón Yniguez 0-0: Ground out 5-3 (Groundball, 56)
Batting: RHB Luis Delvalle 0-0: Called Strike
0-1: Ball
1-1: Fly out, F4 (Popup, 3D)
Bottom of the 3rd over - 0 run(s), 0 hit(s), 0 error(s), 0 left on base; Kennesaw 2 - Walla Walla 1
TOP OF THE 4TH
Kennesaw Jets batting - Pitching for Walla Walla Walleye : LHP Miguel López
Batting: RHB Diego Romero 0-0: Ball
1-0: SINGLE (Groundball, 3D)
Batting: RHB Vic Richards 0-0: Called Strike
0-1: Called Strike
0-2: Ball
1-2: Ball
Diego Romero steals 2nd base
2-2: Strikes out swinging
Batting: SHB Pat Sargent 0-0: Ball
1-0: Foul Ball, location: 2F
1-1: Called Strike
1-2: Foul Ball, location: 2F
1-2: Ball
2-2: Ball
3-2: Foul Ball, location: 2F
3-2: Foul Ball, location: 2F
3-2: Base on Balls
Batting: RHB Gerardo Maldonado 0-0: Ground out 5-3 (Groundball, 56S)
Diego Romero to third
Pat Sargent to second
Batting: RHB Juan Moreno 0-0: Ball
1-0: SINGLE (Groundball, 34) (infield hit)
Diego Romero scores
Pat Sargent to third
Batting: RHB José Luna 0-0: Ball
1-0: Ball
2-0: SINGLE (Groundball, 6S) (infield hit)
Pat Sargent scores
Juan Moreno to second
Batting: LHB Manuel Márquez 0-0: Ball
1-0: Called Strike
1-1: Fielders Choice at 2nd, 6-4 (Groundball, 6)
Top of the 4th over - 2 run(s), 3 hit(s), 0 error(s), 1 left on base; Kennesaw 4 - Walla Walla 1
BOTTOM OF THE 4TH
Walla Walla Walleye batting - Pitching for Kennesaw Jets : LHP Khemera Seng
Batting: RHB Dhyana Snigdha 0-0: Called Strike
0-1: Ball
1-1: Foul Ball, location: 2F
1-2: Strikes out swinging
Batting: RHB Armaan Ebrahim 0-0: Ball
1-0: Swinging Strike
1-1: Ground out 5-3 (Groundball, 56S)
Batting: RHB Leonardo Medina 0-0: Ball
1-0: Ground out 6-3 (Groundball, 6)
Bottom of the 4th over - 0 run(s), 0 hit(s), 0 error(s), 0 left on base; Kennesaw 4 - Walla Walla 1
TOP OF THE 5TH
Kennesaw Jets batting - Pitching for Walla Walla Walleye : LHP Miguel López
Batting: RHB José Leyva 0-0: Called Strike
0-1: Called Strike
0-2: Ball
1-2: Strikes out looking
Batting: RHB Omar Durán 0-0: Ball
1-0: TRIPLE (Flyball, 8RM)
Batting: RHB Diego Romero 0-0: Fly out, F5 (Line Drive, 56)
Batting: RHB Vic Richards 0-0: Ground out 6-3 (Groundball, 6)
Top of the 5th over - 0 run(s), 1 hit(s), 0 error(s), 1 left on base; Kennesaw 4 - Walla Walla 1
BOTTOM OF THE 5TH
Walla Walla Walleye batting - Pitching for Kennesaw Jets : LHP Khemera Seng
Batting: RHB Tabor Muzquiz Error on foul ball, E7
0-1: DOUBLE (Groundball, 3L)
Batting: RHB Cody Jaeckel 0-0: Ball
1-0: Ball
2-0: Ball
3-0: Base on Balls
Batting: RHB Rex Criscuolo 0-0: Called Strike
0-1: Ball
1-1: Sac Bunt - play at third, runner OUT! 5-6
Cody Jaeckel to second
Batting: LHB Bennett Whitford 0-0: Called Strike
0-1: Ball
1-1: Foul Ball, location: 2F
1-2: Foul Ball, location: 2F
1-2: Strikes out looking
Batting: RHB Ramón Yniguez 0-0: DOUBLE (Line Drive, 8LD)
Cody Jaeckel scores
Rex Criscuolo to third
Runner from 3rd tries for Home, SAFE, no throw
Batting: RHB Luis Delvalle 0-0: Called Strike
0-1: Ground out 6-3 (Groundball, 6)
Bottom of the 5th over - 2 run(s), 2 hit(s), 1 error(s), 1 left on base; Kennesaw 4 - Walla Walla 3
TOP OF THE 6TH
Kennesaw Jets batting - Pitching for Walla Walla Walleye : LHP Miguel López
Batting: SHB Pat Sargent 0-0: Swinging Strike
0-1: Swinging Strike
0-2: Ball
1-2: Ball
2-2: Strikes out swinging
Batting: RHB Gerardo Maldonado 0-0: Fly out, F4 (Popup, 4D)
Batting: RHB Juan Moreno 0-0: Ball
1-0: Ball
2-0: Called Strike
2-1: Swinging Strike
2-2: Hit by Pitch
Batting: RHB José Luna 0-0: Ball
1-0: Ball
2-0: Called Strike
Juan Moreno steals 2nd base
2-1: Called Strike
Juan Moreno steals 3rd base
2-2: Strikes out looking
Top of the 6th over - 0 run(s), 0 hit(s), 0 error(s), 1 left on base; Kennesaw 4 - Walla Walla 3
BOTTOM OF THE 6TH
Walla Walla Walleye batting - Pitching for Kennesaw Jets : LHP Khemera Seng
Batting: RHB Dhyana Snigdha 0-0: Swinging Strike
0-1: Ground out 6-3 (Groundball, 56)
Batting: RHB Armaan Ebrahim 0-0: Ball
1-0: Called Strike
1-1: Ball
2-1: Called Strike
2-2: Ball
3-2: Base on Balls
Batting: RHB Leonardo Medina 0-0: Ball
1-0: Ball
2-0: Called Strike
2-1: SINGLE (Line Drive, 78S)
Armaan Ebrahim to second
Batting: RHB Tabor Muzquiz 0-0: Foul Ball, location: 2F
0-1: Swinging Strike
0-2: Ball
1-2: Strikes out swinging
Batting: RHB Cody Jaeckel 0-0: Ball
1-0: Fielders Choice at 2nd, 5-4 (Groundball, 56)
Bottom of the 6th over - 0 run(s), 1 hit(s), 0 error(s), 1 left on base; Kennesaw 4 - Walla Walla 3
TOP OF THE 7TH
Kennesaw Jets batting - Pitching for Walla Walla Walleye : LHP Miguel López
Pitching: RHP Fernando Barraza
Batting: LHB Manuel Márquez 0-0: Called Strike
0-1: Called Strike
0-2: Hit by Pitch
Batting: RHB José Leyva 0-0: Called Strike
0-1: Ball
1-1: Foul Ball, location: 2F
1-2: Ball
2-2: Ball
3-2: Fly out, F7 (Flyball, 78S)
Pinch Hitting: LHB Félix Calixto 0-0: Grounds into double play, 4-6-3 (Groundball, 4)
Top of the 7th over - 0 run(s), 0 hit(s), 0 error(s), 0 left on base; Kennesaw 4 - Walla Walla 3
BOTTOM OF THE 7TH
Walla Walla Walleye batting - Pitching for Kennesaw Jets : LHP Khemera Seng
Now in LF: Gen Matsubara
Batting: RHB Rex Criscuolo 0-0: Called Strike
0-1: Fly out, F6 (Line Drive, 6)
Batting: LHB Bennett Whitford 0-0: Ball
1-0: Ball
2-0: Called Strike
2-1: Fly out, F9 (Flyball, 9LMF)
Batting: RHB Ramón Yniguez 0-0: Ball
1-0: Foul Ball, location: 2F
1-1: Ball
2-1: SINGLE (Line Drive, 56)
Pinch Hitting: RHB Bobby Ochs 0-0: Called Strike
0-1: Ball
1-1: Foul Ball, location: 2F
1-2: DOUBLE (Flyball, 78XD)
Ramón Yniguez to third
Runner from 3rd tries for Home, SAFE, no throw
Batting: RHB Dhyana Snigdha 0-0: Ball
1-0: Fly out, F8 (Flyball, 8RM)
Bottom of the 7th over - 1 run(s), 2 hit(s), 0 error(s), 1 left on base; Kennesaw 4 - Walla Walla 4
TOP OF THE 8TH
Kennesaw Jets batting - Pitching for Walla Walla Walleye : RHP Fernando Barraza
Now at 3B: Harunobu Matsushita
Pinch Hitting: RHB Beau Murphy 0-0: Called Strike
0-1: Foul Ball, location: 2F
0-2: Ball
1-2: Ground out 6-3 (Groundball, 6)
Batting: RHB Vic Richards 0-0: Called Strike
0-1: Ball
1-1: Called Strike
1-2: Ball
2-2: Strikes out swinging
Batting: SHB Pat Sargent 0-0: Called Strike
0-1: Ball
1-1: Called Strike
1-2: Foul Ball, location: 2F
1-2: Strikes out swinging
Top of the 8th over - 0 run(s), 0 hit(s), 0 error(s), 0 left on base; Kennesaw 4 - Walla Walla 4
BOTTOM OF THE 8TH
Walla Walla Walleye batting - Pitching for Kennesaw Jets : LHP Khemera Seng
Now in RF: Jason Hopdown
Batting: RHB Armaan Ebrahim 0-0: Ball
1-0: Foul Ball, location: 2F
1-1: Called Strike
1-2: Ball
2-2: Ball
3-2: Ground out 5-3 (Groundball, 56)
Batting: RHB Leonardo Medina 0-0: Called Strike
0-1: SINGLE (Groundball, 34D)
Batting: RHB Tabor Muzquiz 0-0: Foul Ball, location: 2F
0-1: SINGLE (Line Drive, 8RS)
Leonardo Medina to second
Batting: RHB Cody Jaeckel 0-0: Swinging Strike
0-1: Ball
1-1: Ball
2-1: Swinging Strike
2-2: Ball
3-2: Reached on error, E6 (Groundball, 6)
Leonardo Medina to third
Tabor Muzquiz to second
Batting: RHB Rex Criscuolo 0-0: Ball
1-0: Foul Ball, location: 2F
1-1: Swinging Strike
1-2: Ball
2-2: DOUBLE (Flyball, 9)
Leonardo Medina scores
Tabor Muzquiz scores
Cody Jaeckel to third
Runner from 3rd tries for Home, SAFE, no throw
Pitching: RHP Leo Gabb
Batting: LHB Bennett Whitford 0-0: Intentional Walk
Batting: RHB Ramón Yniguez 0-0: Ground out 6-3 (Groundball, 6S)
Rex Criscuolo to third
Bennett Whitford to second
Batting: RHB Harunobu Matsushita 0-0: Swinging Strike
0-1: Foul Ball, location: 2F
0-2: Strikes out swinging
Bottom of the 8th over - 3 run(s), 3 hit(s), 1 error(s), 2 left on base; Kennesaw 4 - Walla Walla 7
TOP OF THE 9TH
Kennesaw Jets batting - Pitching for Walla Walla Walleye : RHP Fernando Barraza
Pitching: LHP Quan Shiu
Batting: RHB Gerardo Maldonado 0-0: Ball
1-0: Swinging Strike
1-1: Ground out 4-3 (Groundball, 4)
Batting: RHB Juan Moreno 0-0: Fly out, F3 (Line Drive, 3S)
Batting: RHB José Luna 0-0: Ball
1-0: Fly out, F9 (Flyball, 9LS)
Top of the 9th over - 0 run(s), 0 hit(s), 0 error(s), 0 left on base; Kennesaw 4 - Walla Walla 7
Thursday, August 31st, 2017 - OOTP Baseball 17.12 Build 75